AoeStats
← Reymmius

Hideout

510141609Analyzed
1v1 RM · 23h ago on Sep 29, 2026· 55m 14s· 2 players
Game mode
Random Map
Map size
Tiny (2 player)
Population
200
Speed
Normal
Resources
Standard
Victory
Conquest
Starting age
Dark Age
Ending age
Imperial Age
RankedLock teamsTeams togetherTeam positionsShared explorationLock speedFull tech treeHidden civsTurbo modeCheats
Victory
Defeat
🇪🇸 Mongols · Spain
982
+17
🇧🇷 Bulgarians · Brazil
995
-17
Reymmius
7:09 Loom
11:29 Feudal Age
19:29 Castle Age
18:38 Stone Mining
19:01 Double-Bit Axe
19:13 Gold Mining
21:25 Town Watch
22:59 Fletching
23:09 Padded Archer Armor
23:22 Forging
24:56 Leather Archer Armor
26:58 Bodkin Arrow
34:19 Imperial Age
33:56 Bloodlines
33:07 Light Cavalry
39:39 Wheelbarrow
40:13 Scale Barding Armor
41:15 Iron Casting
41:49 Ballistics
44:03 Chemistry
43:46 Gold Shaft Mining
46:42 Husbandry
47:50 Blast Furnace
48:38 Heavy Camel Rider
53:24 Bow Saw
54:16 Onager
56:05 Chain Barding Armor
maikonmaia
1:43 Loom
11:11 Feudal Age
20:27 Castle Age
20:21 Scale Mail Armor
20:54 Forging
21:52 Double-Bit Axe
23:59 Chain Mail Armor
24:13 Bow Saw
24:53 Elite Skirmisher
26:21 Stone Mining
28:32 Ballistics
30:10 Padded Archer Armor
30:58 Leather Archer Armor
33:55 Imperial Age
31:30 Fletching
32:16 Gold Mining
33:03 Bodkin Arrow
34:27 Wheelbarrow
37:41 Gambesons
38:55 Plate Mail Armor
42:35 Hand Cart
43:27 Iron Casting
44:50 Blast Furnace
43:51 Bracer
46:40 Gold Shaft Mining
46:41 Stone Shaft Mining
46:36 Horse Collar
47:29 Heavy Plow
47:57 Pikeman
49:50 Chemistry
48:44 Halberdier
49:26 Squires
51:25 Murder Holes
52:06 Stirrups
52:19 Bagains
52:41 Conscription
Connection lost

Rejoining the realm…

Still unreachable

The connection could not be restored.

Session expired

The server has moved on; the page needs a fresh start.